AoeStats
← Huehnchen3

Lombardia

508940000Analyzed
2v2 RM · 7d ago on Sep 24, 2026· 21m 16s· 4 players
Game mode
Random Map
Map size
Medium (4 player)
Population
200
Speed
Normal
Resources
Standard
Victory
Conquest
Starting age
Dark Age
Ending age
Imperial Age
RankedLock teamsTeams togetherTeam positionsShared explorationLock speedFull tech treeHidden civsTurbo modeCheats
Victory
Defeat
🇮🇳 Burgundians · India
1196
+18
🇺🇸 Vietnamese · United States
1196
+18
🇩🇪 Malians · Germany
1263
-19
🇩🇪 Hindustanis · Germany
1212
-17
Lollzz
7:15 Loom
9:26 Feudal Age
19:12 Wheelbarrow
22:38 Castle Age
20:37 Horse Collar
Naruto
4:53 Loom
10:17 Feudal Age
11:08 Double-Bit Axe
17:02 Fletching
Huehnchen3
8:29 Loom
10:42 Feudal Age
13:17 Horse Collar
21:19 Fletching
wasserk0cher
0:46 Loom
12:19 Feudal Age
17:47 Castle Age
19:15 Scale Barding Armor
Connection lost

Rejoining the realm…

Still unreachable

The connection could not be restored.

Session expired

The server has moved on; the page needs a fresh start.